AoeStats
← 海峡

Four Lakes

507193771Analyzed
1v1 RM · 16d ago on Sep 17, 2026· 21m 34s· 2 players
Game mode
Random Map
Map size
Tiny (2 player)
Population
200
Speed
Normal
Resources
Standard
Victory
Conquest
Starting age
Dark Age
Ending age
Imperial Age
RankedLock teamsTeams togetherTeam positionsShared explorationLock speedFull tech treeHidden civsTurbo modeCheats
Victory
Defeat
🇨🇳 Inca · China
1631
+14
🇲🇽 Inca · Mexico
1588
-14
Ux'Abdi
7:26 Loom
9:56 Feudal Age
10:06 Champi Runner
10:37 Double-Bit Axe
16:02 Wheelbarrow
16:20 Scale Mail Armor
16:37 Fletching
17:42 Forging
20:16 Gold Mining
22:35 Castle Age
海峡
8:44 Loom
11:12 Feudal Age
15:19 Castle Age
13:57 Scale Mail Armor
13:52 Horse Collar
13:57 Double-Bit Axe
13:55 Horse Collar
14:01 Double-Bit Axe
13:46 Champi Runner
15:00 Forging
15:29 Champi Warrior
17:35 Squires
19:15 Arson
Connection lost

Rejoining the realm…

Still unreachable

The connection could not be restored.

Session expired

The server has moved on; the page needs a fresh start.